cohdb
Replays
Latest Replays
All Replays
Popular Replays
Top Player Replays
Match Explorer
How It Works
Community
CoH3 Stats
Reddit
Sign in to upload your games and track your stats! →
Sign in with Steam
Match 25705979
Unlisted
Match 25705979
Overview
Messages
Build Orders
End
Vickers Machine Gun Team
Construct Section Command Post
Infantry Section
ML 3-inch Mortar Team
Infantry Section
Construct Platoon Command Post
Humber Armored Car
6-pounder Anti-tank Gun Team
Selects Heavy Armor Battlegroup
Selects Engineer Detachments
Grenade Package
Selects Crusader AA Medium Tank
Crusader AA Medium Tank
CMP 15cwt Truck
Royal Engineer Section
Construct Company Command Post
Crusader II Medium Tank
Royal Engineer Section
6-pounder Anti-tank Gun Team
Royal Engineer Section
Infantry Section
Royal Engineer Section
Selects Churchill Black Prince Heavy Tank
Selects Light Vehicle Withdraw and Refit
Selects Forward Repair Assembly
Royal Engineer Section
Crusader II Medium Tank
Selects Recon Artillery
Recon Artillery
Crusader II Medium Tank
Royal Engineer Section
Royal Engineer Section
Recon Artillery
Miffy
Jonatanga
Eber
Culinary Aardvark
Oddball!
Kayaking Koala
0
0
Comments
sign in to comment!
No comments posted yet!